 Dungeon Crawl Stone Soup version 0.25.0-11-g1f837a7 (webtiles) character file.

Game seed: 6066074665005085729

98301 robertstho the Severer (level 15, -5/144 HPs)
             Began as a Minotaur Berserker on June 25, 2020.
             Was a High Priest of Trog.
             Slain by an orc warrior
             ... wielding a +0 short sword
              (10 damage)
             ... while paralysed by an orc sorcerer
             ... on level 2 of the Orcish Mines.
             The game lasted 00:43:43 (25304 turns).

robertstho the Severer (Minotaur Berserker)        Turns: 25304, Time: 00:43:43

Health: -5/144     AC: 17    Str: 26    XL:     15   Next: 74%
Magic:  14/14      EV:  2    Int:  5    God:    Trog [*****.]
Gold:   2267       SH:  0    Dex: 15    Spells: 14/14 levels left

rFire    + + .     SeeInvis +   w - +9 executioner's axe "Cuelun" {flame, *Slow Dex+4 SInv}
rCold    x . .     Gourm    .   (shield currently unavailable)
rNeg     . . .     Faith    .   v - +0 fire dragon scales
rPois    +         Spirit   .   (helmet restricted)
rElec    .         Reflect  .   Y - +0 cloak
rCorr    +         Harm     .   W - +1 pair of gloves
MR       +....                  (no boots)
Stlth    +.........             (no amulet)
HPRegen  0.34/turn              J - ring of resist corrosion
MPRegen  0.14/turn              r - ring of poison resistance

@: paralysed, slowed
A: retaliatory headbutt, horns 2
a: Berserk, Trog's Hand, Brothers in Arms, Renounce Religion


You were on level 2 of the Orcish Mines.
You worshipped Trog.
Trog was extremely pleased with you.
You were not hungry.

You visited 3 branches of the dungeon, and saw 23 of its levels.
You also visited: Ossuary.

You collected 2267 gold pieces.

Inventory:

Hand Weapons
 n - a +2 broad axe of electrocution
 w - the +9 executioner's axe "Cuelun" (weapon) {flame, *Slow Dex+4 SInv}
   (You acquired it on level 6 of the Lair of Beasts)

   It has been specially enchanted to burn those struck by it, causing extra
   injury to most foes and up to half again as much damage against particularly
   susceptible opponents.
   Big, fiery blades are also staple armaments of hydra-hunters.
   It affects your dexterity (+4).
   It lets you see invisible.
   It may slow you when you take damage.
 Z - a +0 war axe of flaming
Armour
 v - +0 fire dragon scales (worn)
 V - a +3 plate armour
 W - a +1 pair of gloves (worn)
 Y - a +0 cloak (worn)
Jewellery
 j - an uncursed ring of ice
 p - an uncursed ring of protection from fire
 r - a ring of poison resistance (right hand)
 E - an uncursed ring of protection from fire
 J - a ring of resist corrosion (left hand)
 O - a +4 ring of evasion
 S - the ring "Fiebrep" {rC+ Stlth-}
   (You found it on level 13 of the Dungeon)

   [ring of attention]

   It protects you from cold.
   It makes you less stealthy.
Wands
 o - a wand of disintegration (15)
 F - a wand of iceblast (9)
 N - a wand of acid (25)
Scrolls
 d - 4 scrolls of vulnerability {unknown}
 f - 4 scrolls of magic mapping
 g - 7 scrolls of remove curse
 h - 3 scrolls of enchant armour
 i - 8 scrolls of teleportation
 q - 7 scrolls of enchant weapon
 x - 2 scrolls of immolation
 z - a scroll of silence {unknown}
 A - 5 scrolls of amnesia {unknown}
 B - 9 scrolls of fog {unknown}
 H - 2 scrolls of fear {unknown}
 L - 3 scrolls of brand weapon {unknown}
 P - 2 scrolls of blinking
 Q - 2 scrolls of holy word
 U - 4 scrolls of identify
Potions
 a - 8 potions of mutation
 b - 4 potions of lignification
 e - 3 potions of heal wounds
 l - 5 potions of resistance
 s - 3 potions of stabbing
 t - 3 potions of haste
 u - 12 potions of curing
 C - 2 potions of ambrosia
 D - 4 potions of invisibility
 G - 4 potions of might
 R - a potion of magic
 T - 6 potions of flight
Miscellaneous
 I - a phantom mirror
 K - a box of beasts
 M - a lightning rod (4/4)
 X - a tin of tremorstones (3/3)
Comestibles
 c - 36 rations
 k - a chunk of flesh


   Skills:
 * Level 16.3 Fighting
 * Level 19.8(19.9) Axes
   Level 1.8(13.6) Polearms
 * Level 13.9 Armour
 * Level 11.3 Dodging
 + Level 2.9 Stealth
   Level 8.7 Shields


You had 14 spell levels left.
You didn't know any spells.
Your spell library was empty.

Dungeon Overview and Level Annotations

Branches:
Dungeon (15/15)            Temple (0/1) D:6            Lair (6/6) D:9
  Swamp (0/4) Lair:3        Snake (0/4) Lair:4        Slime (0/5) Lair:6
    Orc (2/2) D:12         Vaults (0/5) D:13         Depths (0/5) D:15
Ossuary (visited)
    Elf: Orc:2

Altars:
Ashenzari
Cheibriados
Elyvilon
Gozag
Hepliaklqana
Makhleb
Nemelex Xobeh
Okawaru
Qazlal
Sif Muna
Uskayaw
Vehumet
Wu Jian
Xom
Zin
The Shining One
Beogh

Annotations:
D:7 2 runed translucent doors


Innate Abilities, Weirdness & Mutations

You reflexively headbutt those who attack you in melee.
You have a pair of horns on your head.


Message History

The troll claws you.
* * * LOW HITPOINT WARNING * * *
The troll claws you.
* * * LOW HITPOINT WARNING * * *
The orc priest invokes the aid of Beogh against you.
Beogh smites you!
* * * LOW HITPOINT WARNING * * *
The orc hits you but does no damage.
The orc warrior hits you but does no damage.
Space bends around you.
* * * LOW HITPOINT WARNING * * *
The orc priest hits you but does no damage.
The orc warrior hits you but does no damage.
The orc hits you but does no damage. The troll bites you but does no damage.
The troll claws you but does no damage. x2
The orc priest begins to cast a cantrip, but forgets the words!
The orc sorcerer gestures wildly while chanting.
The orc hits you but does no damage.
The orc warrior hits you with a +0 short sword!
You die...

o.. .# #....
...###. #......
....... .......
....$#. ###......
.......##......#
#.....o.......#
#......<...$#.#..
##......)oo......
#....$.o@o...##
##......To...#
........ooooo.#
..^........o3o...
........#...$.....
........#......o.$
......###.....o..
...# ##.......


You could see a sun demon (summoned), a troll, an orc sorcerer, 3 orc warriors,
3 orc priests, 2 orc wizards and 6 orcs.

Vanquished Creatures
  Gastronok (Lair:2)
  A stone giant (Orc:1)
  2 fire dragons (Lair:6)
  Fannar (Lair:2)
  8 hydras
  6 vault guards (D:13)
  3 catoblepae
  2 centaur warriors
  A tengu warrior (D:13)
  7 two-headed ogres
  14 death yaks (Lair:6)
  Urug (Lair:4)
  Nergalle (Lair:1)
  Sonja (Lair:2)
  2 skeletal warriors (D:15)
  A shadow wraith (D:11)
  A swamp dragon (Lair:6)
  5 unseen horrors
  A flayed ghost (D:15)
  A lindwurm (Lair:6)
  A necromancer (D:15)
  An orc knight (D:12)
  14 ugly things
  A stone giant zombie (D:15)
  6 deep elf magi
  A manticore (D:15)
  An orc sorcerer (D:12)
  A cyclops (D:12)
  2 black mambas (Lair:4)
  9 elephants
  The ghost of pmoppi the Poker, a novice DsMo of Ru (D:5)
  A gargoyle (D:14)
  5 torpor snails (Lair:6)
  4 spiny frogs
  2 kobold demonologists (D:12)
  A freezing wraith (D:14)
  10 komodo dragons
  2 efreet
  A yaktaur zombie (D:15)
  3 rime drakes
  A yaktaur (D:12)
  6 trolls
  A wind drake (shapeshifter) (D:13)
  A polar bear (Lair:3)
  A queen bee (D:11)
  4 tyrant leeches (Lair:6)
  7 hornets (Lair:6)
  A meliai zombie (D:14)
  2 slime creatures
  19 blink frogs
  7 hippogriffs
  Sigmund (D:2)
  A spriggan skeleton (D:15)
  A vampire (D:11)
  A spriggan (D:8)
  A wraith (D:12)
  A shadow (D:13)
  48 yaks
  3 wyverns
  2 hungry ghosts
  4 basilisks
  6 humans (D:13)
  2 steam dragons (Lair:6)
  7 vampire mosquitoes
  Grum (D:10)
  2 wargs
  Edmund (D:5)
  A human zombie (D:15)
  Duvessa (D:5)
  6 porcupines
  18 water moccasins
  3 swamp drakes (Lair:6)
  7 orc warriors
  4 sky beasts
  A black bear (D:10)
  6 ice beasts
  An eye of draining (D:11)
  2 phantoms
  A necrophage (D:5)
  10 ogres
  A boggart (D:12)
  9 wolves
  18 centaurs
  11 crocodiles
  19 bullfrogs
  A wyvern skeleton (D:13)
  Dowan (D:5)
  A water moccasin zombie (D:10)
  6 scorpions
  A water moccasin skeleton (D:6)
  33 killer bees
  13 wights
  8 howler monkeys
  2 electric eels
  5 centaur zombies
  A bullfrog zombie (D:8)
  5 crimson imps
  6 hounds
  9 jellies
  4 centaur skeletons
  3 orc priests
  4 bullfrog skeletons
  15 orc wizards
  8 iguanas
  13 worker ants
  A big kobold zombie (Ossuary)
  A hound zombie (D:9)
  3 hound skeletons
  5 mummies (Ossuary)
  3 gnolls (D:6)
  A howler monkey skeleton (D:8)
  2 worker ant zombies
  17 adders
  3 shadow imps
  An ooze (Lair:6)
  An adder zombie (D:9)
  An adder skeleton (D:3)
  A worm (D:2)
  7 leopard geckos
  51 orcs
  7 bats
  5 giant cockroaches
  2 gnoll zombies (Ossuary)
  3 goblins
  3 hobgoblins (D:1)
  3 jackals (D:1)
  7 quokkas
  A ball python (D:5)
  A ball python skeleton (D:4)
  3 frilled lizards
  2 goblin zombies (Ossuary)
  6 kobolds
  A kobold zombie (Ossuary)
  A leopard gecko skeleton (D:6)
  An orc zombie (Ossuary)
  3 quokka skeletons
  A quokka zombie (D:8)
  3 rats
  A fungus (D:9)
  9 plants
678 creatures vanquished.

Vanquished Creatures (collateral kills)
  A deep elf mage (D:12)
  A yaktaur (D:12)
  2 blink frogs (Lair:4)
  A water elemental (D:15)
  3 orc warriors (D:11)
  2 orc priests (D:11)
  16 orcs (D:11)
26 creatures vanquished.

Vanquished Creatures (others)
  A yak (Lair:6)
  A basilisk (Lair:6)
  A crocodile (Lair:6)
  An iguana (Lair:6)
  8 fungi
  17 plants
29 creatures vanquished.

Grand Total: 733 creatures vanquished

Notes
Turn   | Place    | Note
-------+----------+-------------------------------------------
     0 | D:1      | robertstho the Minotaur Berserker began the quest for the
                  | Orb.
     0 | D:1      | Reached XP level 1. HP: 19/19 MP: 0/0
   270 | D:1      | Reached skill level 4 in Axes
   270 | D:1      | Reached XP level 2. HP: 27/27 MP: 1/1
   667 | D:2      | Noticed Sigmund
   677 | D:2      | Killed Sigmund
   677 | D:2      | Reached skill level 5 in Fighting
   677 | D:2      | Reached skill level 5 in Axes
   677 | D:2      | Reached XP level 3. HP: 35/36 MP: 2/2
   677 | D:2      | Reached XP level 4. HP: 41/42 MP: 3/3
   677 | D:2      | Reached XP level 5. HP: 47/48 MP: 4/4
  1471 | D:2      | Found an opulent altar of Gozag.
  1471 | D:2      | Found a sparkling altar of Nemelex Xobeh.
  1657 | D:2      | Found a shimmering altar of Xom.
  1657 | D:2      | Found a burning altar of Makhleb.
  2006 | D:3      | Reached ** piety under Trog
  2132 | D:3      | Reached XP level 6. HP: 51/56 MP: 5/5
  2176 | D:3      | Found a white marble altar of Elyvilon.
  2179 | D:3      | Found a radiant altar of Vehumet.
  2182 | D:3      | Found an iron altar of Okawaru.
  2185 | D:3      | Found an ornate altar of the Wu Jian Council.
  2376 | D:4      | Found a glowing golden altar of the Shining One.
  2426 | D:4      | Found a glowing silver altar of Zin.
  2520 | D:4      | Reached skill level 6 in Axes
  2591 | D:4      | Found a hazy altar of Hepliaklqana.
  2644 | D:4      | Found a shattered altar of Ashenzari.
  2861 | D:5      | Entered Level 5 of the Dungeon
  2868 | D:5      | Found a runed translucent door.
  2868 | D:5      | Noticed pmoppi's ghost (novice DsMo)
  2884 | D:5      | Killed pmoppi's ghost
  2884 | D:5      | Reached skill level 7 in Axes
  2884 | D:5      | Reached XP level 7. HP: 63/63 MP: 6/6
  3073 | D:5      | Noticed Dowan
  3074 | D:5      | Noticed Duvessa
  3088 | D:5      | Killed Duvessa
  3088 | D:5      | Reached skill level 1 in Stealth
  3091 | D:5      | Killed Dowan
  3091 | D:5      | Reached skill level 8 in Axes
  3224 | D:5      | Found an ornate altar of the Wu Jian Council.
  3332 | D:5      | Reached XP level 8. HP: 71/71 MP: 7/7
  3346 | D:5      | Found a sand-covered staircase.
  3353 | D:5      | Noticed Edmund
  3367 | D:5      | Killed Edmund
  3367 | D:5      | Reached skill level 5 in Armour
  3419 | Ossuary  | Entered an ossuary
  3682 | Ossuary  | Reached skill level 9 in Axes
  4065 | D:5      | Found a stormy altar of Qazlal.
  4555 | D:6      | Found a hide-covered altar of Uskayaw.
  4642 | D:6      | Found a snail-covered altar of Cheibriados.
  4659 | D:6      | Found a staircase to the Ecumenical Temple.
  4775 | D:6      | Reached *** piety under Trog
  5010 | D:6      | Found a shimmering blue altar of Sif Muna.
  5317 | D:7      | Reached XP level 9. HP: 73/81 MP: 8/8
  5321 | D:7      | Reached skill level 1 in Shields
  5325 | D:7      | Reached skill level 10 in Axes
  5575 | D:7      | Reached skill level 5 in Dodging
  5850 | D:7      | Found a large runed translucent door.
  5852 | D:7      | Found a large runed translucent door.
  5856 | D:7      | Found a large runed translucent door.
  5856 | D:7      | Found a large runed translucent door.
  6767 | D:8      | Reached skill level 11 in Axes
  7585 | D:9      | Reached XP level 10. HP: 90/90 MP: 9/9
  7626 | D:9      | Found a staircase to the Lair.
  7674 | D:9      | Reached **** piety under Trog
  7835 | D:9      | Noticed a two-headed ogre
  7849 | D:9      | Killed a two-headed ogre
  7849 | D:9      | Reached skill level 12 in Axes
  8335 | D:10     | Entered Level 10 of the Dungeon
  8462 | D:10     | Reached skill level 5 in Shields
  8500 | D:10     | Noticed Grum
  8526 | D:10     | Killed Grum
  8990 | D:10     | Noticed a purple ugly thing
  9001 | D:10     | Killed a purple ugly thing
  9001 | D:10     | Reached skill level 10 in Fighting
  9214 | D:10     | Reached XP level 11. HP: 87/99 MP: 10/10
  9619 | D:11     | Found a sparkling altar of Nemelex Xobeh.
  9746 | D:11     | Reached skill level 13 in Axes
  9896 | D:11     | Found a roughly hewn altar of Beogh.
 10457 | D:11     | Noticed a cyan ugly thing
 10472 | D:11     | Killed a cyan ugly thing
 10771 | D:11     | Reached ***** piety under Trog
 11181 | D:11     | Killed an unseen horror
 11181 | D:11     | Reached skill level 10 in Armour
 11206 | D:11     | Noticed a two-headed ogre
 11212 | D:11     | Killed a two-headed ogre
 11785 | D:11     | Noticed a deep elf mage
 11803 | D:11     | Killed a shadow wraith
 11825 | D:11     | Killed a deep elf mage
 12033 | Lair:1   | Entered Level 1 of the Lair of Beasts
 12266 | Lair:1   | Noticed Nergalle
 12289 | Lair:1   | Killed Nergalle
 12289 | Lair:1   | Reached XP level 12. HP: 110/110 MP: 11/11
 12326 | Lair:1   | Received a gift from Trog
 12534 | Lair:1   | Reached skill level 14 in Axes
 12800 | Lair:1   | Noticed a six-headed hydra
 12807 | Lair:1   | Killed a three-headed hydra
 13234 | Lair:2   | Reached skill level 1 in Polearms
 13347 | Lair:2   | Noticed a catoblepas
 13365 | Lair:2   | Killed a catoblepas
 13763 | Lair:2   | Noticed Sonja
 13764 | Lair:2   | Noticed Fannar
 13799 | Lair:2   | Killed Sonja
 14095 | Lair:2   | Noticed Gastronok
 14107 | Lair:2   | Killed Gastronok
 14207 | Lair:2   | Reached skill level 15 in Axes
 14257 | Lair:2   | Killed Fannar
 15200 | Lair:3   | Found a staircase to the Swamp.
 15688 | Lair:4   | Reached XP level 13. HP: 112/119 MP: 12/12
 15709 | Lair:4   | Received a gift from Trog
 15923 | Lair:4   | Found a staircase to the Snake Pit.
 15949 | Lair:4   | Reached skill level 16 in Axes
 16274 | Lair:4   | Noticed Urug
 16292 | Lair:4   | Killed Urug
 17945 | Lair:6   | Entered Level 6 of the Lair of Beasts
 17979 | Lair:6   | Found a staircase to the Slime Pits.
 18099 | Lair:6   | Reached skill level 10 in Dodging
 18099 | Lair:6   | Reached XP level 14. HP: 69/133 MP: 13/13
 18976 | Lair:6   | Reached skill level 17 in Axes
 19225 | Lair:6   | Reached skill level 15 in Fighting
 19444 | Lair:6   | Identified a scroll of acquirement
 19446 | Lair:6   | Got the +9 executioner's axe "Cuelun" {flame, *Slow Dex+4
                  | SInv}
 19870 | Lair:6   | Found a runed translucent door.
 21077 | D:12     | Found a staircase to the Orcish Mines.
 21162 | D:12     | Received a gift from Trog
 21162 | D:12     | Reached skill level 18 in Axes
 21817 | D:12     | Reached XP level 15. HP: 141/141 MP: 14/14
 22024 | D:13     | Got a slimy bone ring
 22813 | D:13     | Found a gate to the Vaults.
 22853 | D:13     | Identified the ring "Fiebrep" {rC+ Stlth-} (You found it on
                  | level 13 of the Dungeon)
 23082 | D:14     | Reached skill level 19 in Axes
 23453 | D:14     | Received a gift from Trog
 23477 | D:14     | Found a sparkling altar of Nemelex Xobeh.
 24249 | D:15     | Entered Level 15 of the Dungeon
 24252 | D:15     | Found a staircase to the Depths.
 24605 | D:15     | Found a hazy altar of Hepliaklqana.
 24858 | Orc:1    | Entered Level 1 of the Orcish Mines
 25286 | Orc:2    | Entered Level 2 of the Orcish Mines
 25301 | Orc:2    | Paralysed by an orc sorcerer for 6 turns
 25303 | Orc:2    | HP: 4/144 [orc warrior/+1 halberd of distortion (5)]
 25304 | Orc:2    | Slain by an orc warrior

Illustrated notes

Levels and vault maps discovered:
D:1:      psy_arrival_wood_between_worlds, layout_basic
D:2:      layout_basic, gammafunk_temple_overflow_wave,
          grunt_temple_overflow_opulence, kennysheep_generic_room_4,
          uniq_sigmund
D:3:      layout_rooms, grunt_temple_overflow_cloverleaf
D:4:      layout_basic, nicolae_overflow_hidden_temple,
          lemuel_coloured_pillars_altar, old_standard_altar, old_standard_altar,
          first_ration, kennysheep_generic_room_3
D:5:      layout_basic, lemuel_doored_altar, basic_altar, gammafunk_ghost_grave,
          enter_ossuary_1, minmay_crossroads, uniq_duvessa, uniq_edmund
D:6:      layout_loops_ring, overflow_temple_1_default,
          eat_drink_and_be_merry_uskayaw, lemuel_crystal_altar,
          minmay_temple_entry_slanted
D:7:      layout_basic, minmay_hollow_rounded_squares
D:8:      layout_gridville, the_bakery, serial_bayou_pond_a
D:9:      layout_cave_pools, dpeg_oklobed_lair
D:10:     layout_roguey, minmay_crystal_room, uniq_grum
D:11:     regret_index_wax_grids, layout_layer_cave, special_room
          [special_room_orc], nemelex_xobeh_ov_fountains_minmay
D:12:     minmay_the_grid_plus [minmay_the_grid_tri_star,
          minmay_the_grid_small_cups, minmay_the_grid_expand,
          minmay_the_grid_odd_star, minmay_the_grid_prize_four_corners],
          layout_rooms, orc_0_dummy
D:13:     layout_cave_pools, ximxim_vaults_locker_room
D:14:     layout_irregular_city, minmay_tree_intersection,
          nemelex_diamond_rough_becter
D:15:     gammafunk_depths_entry_grave, layout_basic, basic_altar,
          hangedman_ru_absence, chequers_big_river, minmay_misc_feat_encased,
          drop_trap, small_statue_intersection
Lair:1:   layout_loops_ring, lemuel_fruit_fields, serial_bayou_shore_a,
          grunt_megastairs_5, uniq_nergalle
Lair:2:   layout_loops_ring, grunt_megastairs_2, lemuel_fruit_tree,
          infiniplex_staircase_pool, uniq_gastronok, uniq_fannar, uniq_sonja
Lair:3:   layout_regular_city, minmay_swamp_entry_reptiles
Lair:4:   layout_layer_cave, minmay_snake_entry_six_corridors, uniq_urug
Lair:5:   layout_cave_shapes
Lair:6:   wormcave, layout_cave_pods, guppyfry_lair_end_dragon,
          nicolae_slime_entry_slimehenge, nicolae_lair_yak_garden
Orc:1:    layout_caves, nicolae_orc_rich_vein
Orc:2:    grunt_orc_gardens, layout_diamond_mine, grunt_orc_garden,
          grunt_orc_garden, grunt_orc_garden, grunt_orc_garden

Skill      XL: |  1  2  3  4  5  6  7  8  9 10 11 12 13 14 15 |
---------------+----------------------------------------------+-----
Axes           | 4 5 7 8 9 11 12 13 15 16 18 19 | 19.8
Fighting       | 5 6 7 8 10 11 12 14 15 16 | 16.3
Armour         | 3 4 6 7 8 10 11 12 13 | 13.9
Dodging        | 3 4 5 6 8 10 11 | 11.3
Stealth        | 1 2 |  2.9
Shields        | 4 5 7 8 |  8.7
Polearms       | 1 |  1.8

Action                   |  1- 3 |  4- 6 |  7- 9 | 10-12 | 13-15 || total
-------------------------+-------+-------+-------+-------+-------++-------
Melee: Hand axe          |    27 |    78 |   329 |   525 |       ||   959
       Headbutt          |     4 |    13 |    71 |   179 |   158 ||   425
       War axe           |       |       |       |   182 |   403 ||   585
       Scythe            |       |       |       |     3 |       ||     3
       Executioner's axe |       |       |       |       |   353 ||   353
Invok: Berserk           |     1 |     1 |     4 |    11 |    16 ||    33
       Trog's Hand       |       |       |     1 |     1 |     6 ||     8
       Brothers in Arms  |       |       |       |     2 |     3 ||     5
Evoke: Wand              |       |       |       |     2 |       ||     2
       Phantom mirror    |       |       |       |       |     1 ||     1
  Use: Scroll            |       |     4 |     3 |    13 |    12 ||    32
       Potion            |       |       |       |       |     2 ||     2
  Eat: Chunk             |       |     6 |    10 |    35 |    42 ||    93
       Ration            |       |       |     3 |     1 |     2 ||     6
Armor: Animal skin       |    11 |     5 |       |       |       ||    16
       Scale mail        |       |     3 |     5 |       |   157 ||   165
       Chain mail        |       |       |    95 |   206 |    43 ||   344
       Fire dragon scale |       |       |       |       |    70 ||    70
Dodge: Dodged            |    25 |    57 |    76 |   272 |   587 ||  1017
Block: Kite shield       |       |       |   106 |   221 |   121 ||   448
